 Dungeon Crawl Stone Soup version 0.25-a0-668-gea548f19b6 (webtiles) character file.

Game seed: 14332276694396357006, levelgen mode: deterministic

617 MisterFreud the Ducker (level 7, -11/46 HPs)
             Began as an Octopode Fighter on Mar 28, 2020.
             Mangled by an ogre
             ... wielding a +0 giant spiked club
              (28 damage)
             ... on level 4 of the Dungeon.
             The game lasted 00:04:12 (3322 turns).

MisterFreud the Ducker (Octopode Fighter)           Turns: 3322, Time: 00:04:13

Health: -11/46     AC:  1    Str: 15    XL:     7   Next: 45%
Magic:  7/7        EV: 13    Int: 13    God:
Gold:   153        SH:  8    Dex: 11    Spells: 6/6 levels left

rFire    . . .     SeeInvis .   a - +0 long sword
rCold    + . .     Gourm    .   b - +0 kite shield
rNeg     . . .     Faith    .   (helmet restricted)
rPois    +         Spirit   .   (no amulet)
rElec    .         Reflect  .   h - ring of stealth
rCorr    .         Harm     .   f - ring of poison resistance
MR       .....                  y - ring of protection from cold
Stlth    +++.......             (no ring)
HPRegen  0.15/turn              (no ring)
MPRegen  0.10/turn              (no ring)
                                (no ring)
                                (no ring)

@: no status effects
A: almost no armour, stealthy swim, amphibious, 8 rings, constrict 8, camouflage
1, gelatinous body 1
a: no special abilities


You were on level 4 of the Dungeon.
You were not hungry.

You visited 1 branch of the dungeon, and saw 4 of its levels.

You collected 153 gold pieces.

Inventory:

Hand Weapons
 a - a +0 long sword (weapon)
Missiles
 e - 11 bolts
 i - 135 stones (quivered)
 l - 45 arrows
 m - 60 sling bullets
 q - 8 javelins
Armour
 b - a +0 kite shield (worn)
Jewellery
 f - a ring of poison resistance (right tentacle)
 h - a ring of stealth (left tentacle)
 y - a ring of protection from cold (on tentacle)
Wands
 v - a wand of paralysis (10)
 w - a wand of disintegration (9)
Scrolls
 j - a scroll of amnesia {unknown}
 k - 2 scrolls of teleportation {unknown}
 o - a scroll of remove curse {unknown}
 p - 2 scrolls of enchant weapon {unknown}
 r - a scroll of blinking {unknown}
 s - a scroll of magic mapping {unknown}
 t - a scroll of random uselessness {unknown}
Potions
 c - 2 potions of might
 g - a potion of curing
 n - a potion of brilliance {unknown}
 u - a potion of heal wounds {unknown}
Comestibles
 d - 4 rations
 x - 4 chunks of flesh


   Skills:
 - Level 3.0 Fighting
 - Level 6.0 Long Blades
 + Level 6.1 Dodging
 - Level 3.0 Shields


You had 6 spell levels left.
You didn't know any spells.
Your spell library was empty.

Dungeon Overview and Level Annotations

Branches:
Dungeon (4/15)
 Temple: D:4-7

Altars:
Fedhas
Kikubaaqudgha
Trog

Annotations:
D:3 2 transporters, VincentAMV's ghost, amateur GrFi


Innate Abilities, Weirdness & Mutations

You cannot wear most types of armour.
You are very stealthy in the water. (Stealth+)
You are amphibious.
You can wear up to eight rings at the same time.
You can use your tentacles to constrict eight enemies at once.
Your skin changes colour to match your surroundings (Stealth+).
Your rubbery body absorbs attacks. (AC +1, EV +1)


Message History

You constrict the hound skeleton. You block the hound skeleton's attack.
You slash the hound skeleton! You squeeze the hound skeleton.
You destroy the hound skeleton!
You barely miss the ogre. The ogre barely misses you.
You riposte.
You barely miss the ogre. You slash the ogre!
The ogre is moderately wounded.
The ogre hits you with a +0 giant spiked club!!
Ouch! That really hurt!
You are too injured to fight recklessly!
You are too injured to fight recklessly!
You hit the ogre.
The ogre is heavily wounded.
The ogre closely misses you.
You riposte.
You completely miss the ogre.
The ogre is heavily wounded.
You slash the ogre!
The ogre is almost dead.
The ogre hits you with a +0 giant spiked club!!
Ouch! That really hurt!
You die...

#.# #.....+ #.# #.....#
.#.# +....)# ...####
#.....# ......# +.....#
....).#####.....#
..........'.....#
.....#.#.##.....#####.#.
.....#.#.##.....@O......
..<..'.#.#####...#.##.##
.....###.# ......# ..
.....+ ..#.####.... #..
#....# ### ..(#.. ..
#.... ###.#..# # #.# .#
#.# .#


You could see an ogre.

Vanquished Creatures
  Sigmund (D:2)
  2 ogres (D:4)
  Ijyb (D:3)
  Natasha (D:1)
  An iguana (D:4)
  2 worker ants
  A hound skeleton (D:4)
  8 adders
  4 dart slugs
  4 orcs (D:3)
  5 bats
  5 giant cockroaches
  6 goblins
  5 hobgoblins
  18 jackals
  7 kobolds
  2 quokkas (D:3)
  3 ball pythons
  6 frilled lizards
  A rat (D:1)
83 creatures vanquished.

Notes
Turn   | Place    | Note
-------+----------+-------------------------------------------
     0 | D:1      | MisterFreud the Octopode Fighter began the quest for the
                  | Orb.
     0 | D:1      | Reached XP level 1. HP: 16/16 MP: 1/1
   120 | D:1      | Reached XP level 2. HP: 19/21 MP: 2/2
   393 | D:1      | Reached XP level 3. HP: 21/26 MP: 3/3
   867 | D:2      | Noticed Sigmund
  1038 | D:2      | Noticed Natasha
  1053 | D:1      | Killed Natasha
  1053 | D:1      | Reached XP level 4. HP: 9/31 MP: 4/4
  1306 | D:2      | Killed Sigmund
  1306 | D:2      | Reached XP level 5. HP: 35/36 MP: 5/5
  1356 | D:2      | Reached XP level 6. HP: 38/42 MP: 6/6
  2434 | D:3      | Found an ancient bone altar of Kikubaaqudgha.
  2438 | D:3      | Noticed Ijyb
  2455 | D:3      | Killed Ijyb
  2484 | D:3      | Found a transporter.
  2489 | D:3      | Noticed VincentAMV's ghost (amateur GrFi)
  2513 | D:3      | Found a bloodstained altar of Trog.
  2515 | D:3      | Found a transporter.
  2828 | D:3      | Found a blossoming altar of Fedhas.
  3048 | D:4      | Reached skill level 5 in Dodging
  3048 | D:4      | Reached XP level 7. HP: 22/46 MP: 7/7
  3322 | D:4      | Mangled by an ogre

Levels and vault maps discovered:
D:1:      giann_bridges, layout_basic, minmay_pentomino_q2
D:2:      layout_loops_cross, uniq_sigmund, uniq_natasha
D:3:      layout_rooms, kiku_gazebo_pond_becter, bloody_trog, fedhas_altar_4,
          gammafunk_ghost_stat_death, uniq_ijyb
D:4:      layout_basic, first_ration, st_stairs_11,
          nicolae_dithmenos_the_darkroom, uniq_menkaure

Skill      XL: |  1  2  3  4  5  6  7 |
---------------+----------------------+-----
Long Blades    | 3 4 6 |  6.0
Dodging        | 5 6 |  6.1
Fighting       | |  3.0
Shields        | |  3.0

Action                   |  1- 3 |  4- 6 |  7- 9 || total
-------------------------+-------+-------+-------++-------
Melee: Long sword        |    43 |    98 |    20 ||   161
       Constrict         |    15 |    30 |     4 ||    49
       Tentacles         |     9 |    22 |     5 ||    36
  Use: Potion            |       |     1 |       ||     1
 Stab: Distracted        |     1 |       |       ||     1
       Sleeping          |       |     4 |     1 ||     5
  Eat: Chunk             |       |     7 |     1 ||     8
Armor: Skin              |     4 |     3 |       ||     7
Dodge: Dodged            |    23 |    67 |    14 ||   104
Block: Kite shield       |    24 |    46 |     6 ||    76
       Rpst.: Long sword |     9 |    22 |     5 ||    36

Table legend:
 A = Non-vault XP
 B = Vault XP
 C = Vault XP percentage of total XP
 D = Non-vault monster count
 E = Vault monster count
 F = Vault count percentage of total count
                 A         B        C        D         E       F
            +---------+---------+-------+---------+---------+-------
      Total |     577 |     305 |  34.6 |      79 |       4 |   4.8
            +---------+---------+-------+---------+---------+-------
        D:1 |      39 |      36 |  48.0 |      21 |       1 |   4.5
        D:2 |      68 |     220 |  76.4 |      18 |       1 |   5.3
        D:3 |     131 |      36 |  21.6 |      32 |       1 |   3.0
        D:4 |     339 |      13 |   3.7 |       8 |       1 |  11.1
            +---------+---------+-------+---------+---------+-------
